 Dungeon Crawl Stone Soup version 0.31.0 (webtiles) character file.

Game seed: 16549133819666450544

68 qw the Shooter (level 4, -3/28 HPs)
             Began as a Gargoyle Hunter on Jan 19, 2024.
             Slain by an orc
             ... wielding a +0 club
              (4 damage)
             ... on level 3 of the Dungeon.
             The game lasted 00:00:05 (1048 turns).

qw the Shooter (Gargoyle Hunter)                    Turns: 1048, Time: 00:00:05

Health: -3/28      AC:  6    Str: 15    XL:     4   Next: 19%
Magic:  0/4        EV: 11    Int:  9    God:
Gold:   77         SH:  0    Dex: 15    Spells: 3/3 levels left

rFire   . . .        a - +0 shortbow
rCold   . . .        (shield currently unavailable)
rNeg    + . .        c - +0 leather armour
rPois   inf          (no helmet)
rElec   +            (no cloak)
rCorr   .            (no gloves)
SInv    .            (no boots)
Will    .....        d - amulet of guardian spirit
Stlth   ++           (no ring)
HPRegen 0.24/turn    (no ring)
MPRegen 0.09/turn

%: guardian spirit
@: no status effects
A: sickness immunity, AC +3, negative energy resistance 1, electricity
resistance, torment resistance 1, petrification resistance
a: no special abilities


You were on level 3 of the Dungeon.
You visited 1 branch of the dungeon, and saw 3 of its levels.

You collected 77 gold pieces.


Innate Abilities, Weirdness & Mutations

You are immune to sickness and miasma.
Your stone body is resilient. (AC +3)
You are immune to poison.
You resist negative energy. (rN+)
You are resistant to electric shocks. (rElec)
You are resistant to unholy torment.
You are immune to petrification.


   Skills:
 - Level 3.1 Fighting
 + Level 5.2 Ranged Weapons
 - Level 1.5 Dodging
 - Level 1.1 Stealth


You had 3 spell levels left.
You didn't know any spells.
Your spell library was empty.

Inventory:

Hand Weapons
 a - a +0 shortbow (weapon)
Armour
 c - a +0 leather armour (worn)
Jewellery
 d - an amulet of guardian spirit (around neck)
Potions
 b - a potion of degeneration {unknown}
 e - a potion of cancellation

Dungeon Overview and Level Annotations

Branches:
Dungeon (3/15)

Altars:
Xom


Message History

The orc wizard is moderately wounded.
Something hits you. The orc hits you with a +0 club.
The orc wizard hits you but does no damage.
You shoot an arrow.
The arrow hits the orc wizard but does no damage.
The orc wizard is moderately wounded.
Something hits you but does no damage.
The orc wizard hits you but does no damage.
The orc hits you but does no damage.
You shoot an arrow. The arrow barely misses the orc wizard.
The orc hits you with a +0 club. Something hits you but does no damage.
The orc wizard hits you but does no damage.
You shoot an arrow. The arrow barely misses the orc wizard.
Something hits you but does no damage. The orc completely misses you.
The orc wizard casts a spell at you.
You are confused.
You hear some strange, mumbled words.
Something tries to affect you, but you resist.
The orc wizard gestures wildly while chanting.
The orc wizard flickers and vanishes!
The orc closely misses you. The orc hits you but does no damage.
Something hits you but does no damage. Something hits you. Something hits you.
You hear some strange, mumbled words.
Something tries to affect you, but you resist.
The orc hits you but does no damage.
Something hits you. x2; The orc hits you but does no damage.
Something hits you but does no damage. The orc barely misses you.
Something hits you but does no damage.
You feel less confused. Something hits you but does no damage.
You hear some strange, mumbled words.
Something tries to affect you, but you resist.
The orc barely misses you.
You shoot an arrow. The arrow hits the orc.
The orc is heavily wounded.
You hear some strange, mumbled words.
Something tries to affect you, but you resist.
Something hits you but does no damage. The orc hits you with a +0 club.
You die...

# #.
...##########.
#.....<.......
#.....###########
#...............#
#.######.######.##
# #.........##
########.@.#
#{{o...7
.........7
.......#..7.7
#......##777 7
#......# #......#
#.......


You could see an orc.

Vanquished Creatures
  2 adders (D:2)
  A dart slug (D:1)
  A ribbon worm (D:2)
  An orc (D:3)
  2 endoplasms
  3 hobgoblins
  5 quokkas
  2 ball pythons (D:1)
  4 bats (D:1)
  A frilled lizard (D:2)
  8 goblins
  5 kobolds
  9 rats
44 creatures vanquished.

Notes
Turn   | Place    | Note
-------+----------+-------------------------------------------
     0 | D:1      | qw the Gargoyle Hunter began the quest for the Orb.
     0 | D:1      | Reached XP level 1. HP: 12/12 MP: 1/1
     0 | D:1      | 0 ||| qw: Version: 0.3-a-132-g3d54051
     0 | D:1      | 0 ||| qw: Game counter: 43
     0 | D:1      | 0 ||| qw: Melee chars always use a shield: true
     0 | D:1      | 0 ||| qw: God list: Okawaru
     0 | D:1      | 0 ||| qw: Allow faded altars: false
     0 | D:1      | 0 ||| qw: Do Orc after clearing Dungeon:15 true
     0 | D:1      | 0 ||| qw: Do second Lair branch before Depths: true
     0 | D:1      | 0 ||| qw: Lair rune preference: random
     0 | D:1      | 0 ||| qw: Goals: Normal
     0 | D:1      | 0 ||| PLANNING D:1-11
   156 | D:1      | Reached XP level 2. HP: 17/17 MP: 2/2
   413 | D:1      | Reached XP level 3. HP: 21/21 MP: 3/3
   443 | D:1      | Reached skill level 5 in Ranged Weapons
   527 | D:1      | 527 ||| UPGRADING to amulet of guardian spirit.
   532 | D:1      | 532 ||| DRINKING 2 fizzy ruby potions.
   533 | D:1      | 533 ||| DROPPING scroll of butterflies.
   534 | D:1      | 534 ||| DROPPING potion of attraction.
   640 | D:2      | Found a shimmering altar of Xom.
   783 | D:2      | Reached skill level 3 in Fighting
   824 | D:2      | Reached XP level 4. HP: 27/28 MP: 2/4
   996 | D:2      | 996 ||| READING 2 scrolls labelled TAOSOVE XONUPE.
   996 | D:2      | 996 ||| IDENTIFYING smoky ruby potion
   997 | D:2      | 997 ||| READING scroll of identify.
   997 | D:2      | 997 ||| IDENTIFYING amethyst potion
   998 | D:2      | 998 ||| READING scroll labelled WORPHE RUJED.
   998 | D:2      | 998 ||| ENCHANTING +0 shortbow.
   999 | D:2      | 999 ||| READING scroll labelled QORUG LIKE.
  1031 | D:3      | 1031 ||| DRINKING potion of curing.
  1031 | D:3      | 1031 ||| (to cure confusion)
  1038 | D:3      | HP: 5/28 [orc/+0 club (3)]
  1044 | D:3      | HP: 4/28 [something (1)]
  1045 | D:3      | HP: 1/28 [something (2)]
  1048 | D:3      | Slain by an orc

Levels and vault maps discovered:
D:1:      onia_arrival_handbag, layout_rooms
D:2:      layout_rooms, basic_altar, serial_bayou_lake_a
D:3:      layout_basic, uniq_crazy_yiuf_cottage, uniq_jessica, uniq_sigmund

Skill      XL: |  1  2  3 |
---------------+----------+-----
Ranged Weapons | 5 |  5.2
Fighting       | 3 |  3.1
Dodging        | |  1.5
Stealth        | |  1.1

Action                     |  1- 3 |  4- 6 || total
---------------------------+-------+-------++-------
   Fire: Shortbow          |   113 |    14 ||   127
    Use: Potion            |     1 |     1 ||     2
         Scroll            |       |     4 ||     4
 Armour: Leather armour    |    28 |    39 ||    67
  Dodge: Dodged            |    44 |     8 ||    52

Table legend:
 A = Non-vault XP
 B = Vault XP
 C = Vault XP percentage of total XP
 D = Non-vault monster count
 E = Vault monster count
 F = Vault count percentage of total count
                 A         B        C        D         E       F
            +---------+---------+-------+---------+---------+-------
      Total |      93 |       5 |   5.1 |      40 |       4 |   9.1
            +---------+---------+-------+---------+---------+-------
        D:1 |      38 |       5 |  11.6 |      24 |       4 |  14.3
        D:2 |      52 |       0 |   0.0 |      15 |       0 |   0.0
        D:3 |       3 |       0 |   0.0 |       1 |       0 |   0.0
            +---------+---------+-------+---------+---------+-------
